 Dungeon Crawl Stone Soup version 0.31-a0-920-g28cbb04a8c (webtiles) character file.

Game seed: 7533778827024624690

595 MachoJfn the Magician (level 7, -5/45 HPs)
             Began as a Djinni Ice Elementalist on Oct 17, 2023.
             Was an Initiate of Dithmenos.
             Killed by divine providence
             ... invoked by an orc priest
              (16 damage)
             ... on level 4 of the Dungeon.
             The game lasted 00:13:24 (3878 turns).

MachoJfn the Magician (Djinni Ice Elementalist)     Turns: 3878, Time: 00:13:24

Health: -5/45      AC:  2    Str:  7    XL:     7   Next: 67%
Gold:   238        EV: 13    Int: 18    God:    Dithmenos [......] SH:  0 Dex: 14

rFire   + + .        r - +1 short sword (venom)
rCold   x . .        (no shield)
rNeg    . . .        a - +0 robe
rPois   ∞            (no helmet)
rElec   .            (no cloak)
rCorr   .            (no gloves)
SInv    .            (boots unavailable)
Will    .....        (no amulet)
Stlth   ++           (no ring)
HPRegen 0.27/turn    (no ring)
MPRegen 0.00/turn

%: infuse magic (-6 HP)
@: flying
A: sickness immunity, fire resistance 2, cold vulnerability 1, float, innate
caster, HP casting, extra vitality 1
a: Renounce Religion


You were on level 4 of the Dungeon.
You worshipped Dithmenos.
Dithmenos was noncommittal.
You visited 2 branches of the dungeon, and saw 5 of its levels.

You collected 238 gold pieces.

Inventory:

Hand Weapons
 r - a +1 short sword of venom (weapon)
Missiles
 e - 7 boomerangs
 n - 33 stones (quivered)
 t - 6 poisoned darts
Armour
 a - a +0 robe (worn)
Magical Staves
 h - a staff of earth
Scrolls
 b - 3 scrolls of teleportation
 c - a scroll of identify
 g - a scroll of blinking
 i - a scroll of summoning
 j - a scroll of brand weapon
 m - 2 scrolls of vulnerability
 p - a scroll of fear
Potions
 d - 2 potions of attraction
 f - 3 potions of mutation
 k - a potion of resistance {unknown}
 l - 2 potions of cancellation


   Skills:
 + Level 3.3 Dodging
 + Level 2.6 Stealth
 * Level 6.2 Spellcasting
 * Level 6.2 Conjurations
 * Level 6.2 Hexes
 * Level 6.2 Summonings
 * Level 6.2 Necromancy
 * Level 6.2 Translocations
 * Level 6.2 Transmutations
 * Level 6.2 Fire Magic
 * Level 6.2 Ice Magic
 * Level 6.2 Air Magic
 * Level 6.2 Earth Magic
 * Level 6.2 Poison Magic


You knew the following spells:

 Your Spells              Type           Power      Damage    Failure   Level
a - Freeze                Ice            100%       1d10      1%          1
b - Frozen Ramparts       Ice            54%        1d9       2%          3
c - Ozocubu's Armour      Ice            27%        N/A       2%          3
d - Summon Ice Beast      Ice/Summ       27%        N/A       9%          4
e - Apportation           Tloc           54%        N/A       1%          1
f - Lesser Beckoning      Tloc           54%        N/A       1%          2
g - Tukima's Dance        Hex            27%        N/A       2%          3
Your spell library was empty.

Dungeon Overview and Level Annotations

Branches:
Dungeon (4/15)             Temple (1/1) D:4

Altars:
Ashenzari
Cheibriados
Dithmenos
Elyvilon
Fedhas
Gozag
Hepliaklqana
Okawaru
Trog
Uskayaw
Yredelemnul


Innate Abilities, Weirdness & Mutations

You are immune to sickness and miasma.
You are immune to poison.
Your flesh is very heat resistant. (rF++)
You are vulnerable to cold. (rC-)
You float through the air rather than walking.
You learn spells naturally, not from books.
Your magical power is your life essence.
You have superior vitality. (+4 MHP)


Message History

The wall freezes the orc but does no damage.
The wall freezes the orc but does no damage.
The orc closely misses you.
The frozen ramparts melt away.
The orc hits you with a +0 club.
An orc comes into view. It is wielding a +0 club.
The orc hits you but does no damage.
Casting: Summon Ice Beast (quite dangerous; 9% risk of failure)
Confirm with . or Enter, or press ? or * to list all spells.
Casting: Frozen Ramparts (dangerous; 2% risk of failure)
Press: ? - help, Dir - look around, f - activate The walls around you are covered in ice.
The wall freezes the orc.
The orc hits you with a +0 club.
An orc priest comes into view. It is wielding a +0 club.
Casting: Frozen Ramparts (dangerous; 2% risk of failure)
Confirm with . or Enter, or press ? or * to list all spells.
Aiming: Freeze (safe; 1% risk of failure)
Press: ? - help, Shift-Dir - straight line, f - orc
Aim: an orc, wielding a +0 club and wearing a +0 chain mail (heavily wounded)
You freeze the orc.
You kill the orc!
Dithmenos accepts your kill.
The orc priest mumbles some strange prayers to Beogh against you.
Beogh smites you!
The wall freezes the orc!
You kill the orc!
Dithmenos accepts your kill.
The wall freezes the orc priest.
The orc priest mumbles some strange prayers to Beogh against you.
Pain shoots through your body!
Casting: Freeze (safe; 1% risk of failure)
Confirm with . or Enter, or press ? or * to list all spells.
A chill wind blows around you.
* * * LOW HITPOINT WARNING * * *
The frozen ramparts melt away.
The orc priest invokes the aid of Beogh against you.
You struggle to resist.
An orc comes into view. It is wielding a +0 falchion.
The orc priest mumbles some strange prayers to Beogh against you.
Beogh smites you!
You die...

..)†.#.......+ #.###.....
.....#.......###.......?.
.._..#......).##.........
.....#........##.........
.....#....#...##.........
######....'...'..o.....
..........#...#.#...#
...>......#...#.#)#.###..
..........##...Y@.......#
.............##.#.#......
...........####.#########
............#
#........##########
............#
#######............
............#
#.#####.#####
......>...###
#.#⌠~~###~~⌠# ..........#
#.#~~~~~~~~~# .........##
#.#~~~#~#~~~#


You could see an orc priest (ally target) and a friendly ice beast (summoned).

Vanquished Creatures
  A black bear (D:4)
  A scorpion (D:3)
  A jelly (D:4)
  2 hounds (D:4)
  An orc priest (D:2)
  3 iguanas
  5 adders
  4 worms
  6 dart slugs
  7 orcs
  8 ball pythons
  9 bats
  10 endoplasms
  3 giant cockroaches
  5 goblins
  6 hobgoblins
  3 jackals (D:3)
  4 kobolds
  2 frilled lizards
  11 rats
92 creatures vanquished.

Vanquished Creatures (collateral kills)
  An ogre (D:4)
1 creature vanquished.

Grand Total: 93 creatures vanquished

Notes
Turn   | Place    | Note
-------+----------+-------------------------------------------
     0 | D:1      | MachoJfn the Djinni Ice Elementalist began the quest for
                  | the Orb.
     0 | D:1      | MachoJfn set off with the following spells memorised:
                  | Freeze, Frozen Ramparts, Ozocubu's Armour, Summon Ice
                  | Beast.
     0 | D:1      | Reached XP level 1. HP: 15/15 MP: 0/0
    94 | D:1      | Reached XP level 2. HP: 14/21 MP: 0/0
   447 | D:1      | Reached XP level 3. HP: 22/25 MP: 0/0
   447 | D:1      | Learned a level 1 spell: Apportation
  1069 | D:2      | Reached XP level 4. HP: 27/31 MP: 0/0
  1384 | D:2      | Reached XP level 5. HP: 33/35 MP: 0/0
  1384 | D:2      | Learned a level 2 spell: Lesser Beckoning
  2404 | D:3      | Found a broken altar of Ashenzari.
  2654 | D:3      | Reached skill level 5 in Spellcasting
  2654 | D:3      | Reached skill level 5 in Conjurations
  2654 | D:3      | Reached skill level 5 in Hexes
  2654 | D:3      | Reached skill level 5 in Summonings
  2654 | D:3      | Reached skill level 5 in Necromancy
  2654 | D:3      | Reached skill level 5 in Translocations
  2654 | D:3      | Reached skill level 5 in Transmutations
  2654 | D:3      | Reached skill level 5 in Fire Magic
  2654 | D:3      | Reached skill level 5 in Ice Magic
  2654 | D:3      | Reached skill level 5 in Air Magic
  2654 | D:3      | Reached skill level 5 in Earth Magic
  2654 | D:3      | Reached skill level 5 in Poison Magic
  2654 | D:3      | Reached XP level 6. HP: 21/40 MP: 0/0
  2912 | D:3      | Found a shadowy altar of Dithmenos.
  2953 | D:3      | Became a worshipper of Dithmenos the Shadowed
  3215 | D:4      | Found a blossoming altar of Fedhas.
  3265 | D:4      | Noticed a black bear
  3271 | D:4      | Noticed an ogre
  3287 | D:4      | Killed an ogre
  3288 | D:4      | Reached XP level 7. HP: 13/45 MP: 0/0
  3288 | D:4      | Learned a level 3 spell: Tukima's Dance
  3506 | D:4      | Found a staircase to the Ecumenical Temple.
  3519 | Temple   | Entered the Ecumenical Temple
  3768 | D:4      | Found a snail-covered altar of Cheibriados.
  3878 | D:4      | Killed from afar by an orc priest

Illustrated notes

Levels and vault maps discovered:
D:1:      moated_graveyard_arrival, layout_loops_cross,
          minmay_misc_feat_pillars, minmay_rat_gold_closets
D:2:      layout_basic
D:3:      layout_rooms, mainiacjoe_overflow_paths,
          grunt_dithmenos_smoke_and_mirrors
D:4:      layout_basic, nicolae_qazlal_style_of_elements,
          cheibrodos_worm_habitat, amcnicky_altar_gilded,
          minmay_temple_entry_water_ring, hangedman_glass_teeth,
          grunt_ministairs_5, chequers_serial_rivers_micro_a, nicolae_wormholes
Temple:   hellmonk_temple_of_storms

Skill      XL: |  1  2  3  4  5  6  7 |
---------------+----------------------+-----
Spellcasting   | 4 5 6 |  6.2
Conjurations   | 4 5 6 |  6.2
Hexes          | 4 5 6 |  6.2
Summonings     | 4 5 6 |  6.2
Necromancy     | 4 5 6 |  6.2
Translocations | 4 5 6 |  6.2
Transmutations | 4 5 6 |  6.2
Fire Magic     | 4 5 6 |  6.2
Ice Magic      | 4 5 6 |  6.2
Air Magic      | 4 5 6 |  6.2
Earth Magic    | 4 5 6 |  6.2
Poison Magic   | 4 5 6 |  6.2
Stealth        | 2 |  2.6
Dodging        | 3 |  3.3

Action                     |  1- 3 |  4- 6 |  7- 9 || total
---------------------------+-------+-------+-------++-------
  Melee: Unarmed           |     6 |       |       ||     6
         Short sword       |       |     1 |       ||     1
  Throw: Stone             |       |     3 |     1 ||     4
   Cast: Freeze            |    54 |    49 |    11 ||   114
         Frozen Ramparts   |     2 |    24 |     8 ||    34
         Ozocubu's Armour  |       |     5 |       ||     5
         Lesser Beckoning  |       |     2 |       ||     2
         Apportation       |       |     1 |       ||     1
         Summon Ice Beast  |       |     1 |     1 ||     2
    Use: Scroll            |     1 |    10 |       ||    11
         Potion            |       |     5 |       ||     5
 Armour: Robe              |    18 |    25 |     7 ||    50
  Dodge: Dodged            |    34 |    28 |     3 ||    65

Table legend: (Time is in decaauts)
 A = Elapsed time spent in this place.
 B = Non-inter-level travel time spent in this place.
 C = Inter-level travel time spent in this place.
 D = Time resting spent in this place.
 E = Time spent auto-exploring this place.
 F = Levels seen in this place.
 G = Mean time per level.
                   A        B        C        D        E       F      G
               +--------+--------+--------+--------+--------+-----+--------+
         Total |   3861 |   3467 |    394 |    788 |   1924 |   5 |  772.2 |
       Dungeon |   3814 |   3464 |    350 |    788 |   1924 |   4 |  953.5 |
        Temple |     46 |      2 |     44 |      0 |      0 |   1 |   46.0 |
               +--------+--------+--------+--------+--------+-----+--------+

Top non-repeatable levels by time:
     D:2: 1162 daAuts
     D:3: 956 daAuts
     D:1: 932 daAuts
     D:4: 762 daAuts
  Temple: 46 daAuts
